Workbook

Sheet  Truck & Bus Fees
A1: JURISDICTION OF SOUTH CAROLINA - REVISED 6/8/15
G2: Effective 2/15/96
A3: Schedule of Vehicle Registration Fees
A5: Gross Weight | C5: 12 Months | D5: 11 Months | E5: 10 Months | F5: 9 Months | G5: 8 Months | H5: 7 Months | I5: 6 Months | J5: 5 Months | K5: 4 Months | L5: 3 Months | M5: 2 Months | N5: 1 Month
A6: TRUCK, TRUCK TRACTORS, AND BUSES - PNEUMATIC TIRES
A7: 1 | B7: 4000 | C7: 15 | D7: 13.75 | E7: 12.5 | F7: 11.25 | G7: 10 | H7: 10 | I7: 10 | J7: 10 | K7: 10 | L7: 10 | M7: 10 | N7: 10
A8: 4001 | B8: 5000 | C8: 20 | D8: 18.33 | E8: 16.67 | F8: 15 | G8: 13.33 | H8: 11.67 | I8: 10 | J8: 10 | K8: 10 | L8: 10 | M8: 10 | N8: 10
A9: 5001 | B9: 6000 | C9: 30 | D9: 27.5 | E9: 25 | F9: 22.5 | G9: 20 | H9: 17.5 | I9: 15 | J9: 12.5 | K9: 10 | L9: 10 | M9: 10 | N9: 10
A10: 6001 | B10: 7000 | C10: 35 | D10: 32.08 | E10: 29.17 | F10: 26.25 | G10: 23.33 | H10: 20.42 | I10: 17.5 | J10: 14.58 | K10: 11.67 | L10: 10 | M10: 10 | N10: 10
A11: 7001 | B11: 8000 | C11: 40 | D11: 36.67 | E11: 33.33 | F11: 30 | G11: 26.67 | H11: 23.33 | I11: 20 | J11: 16.67 | K11: 13.33 | L11: 10 | M11: 10 | N11: 10
A13: 8001 | B13: 9000 | C13: 45 | D13: 41.25 | E13: 37.5 | F13: 33.75 | G13: 30 | H13: 26.25 | I13: 22.5 | J13: 18.75 | K13: 15 | L13: 11.25 | M13: 10 | N13: 10
A14: 9001 | B14: 10000 | C14: 50 | D14: 45.83 | E14: 41.67 | F14: 37.5 | G14: 33.33 | H14: 29.17 | I14: 25 | J14: 20.83 | K14: 16.67 | L14: 12.5 | M14: 10 | N14: 10
A15: 10001 | B15: 11000 | C15: 55 | D15: 50.42 | E15: 45.83 | F15: 41.25 | G15: 36.67 | H15: 32.08 | I15: 27.5 | J15: 22.92 | K15: 18.33 | L15: 13.75 | M15: 10 | N15: 10
A16: 11001 | B16: 12000 | C16: 60 | D16: 55 | E16: 50 | F16: 45 | G16: 40 | H16: 35 | I16: 30 | J16: 25 | K16: 20 | L16: 15 | M16: 10 | N16: 10
A18: 12001 | B18: 13000 | C18: 65 | D18: 59.58 | E18: 54.17 | F18: 48.75 | G18: 43.33 | H18: 37.92 | I18: 32.5 | J18: 27.08 | K18: 21.67 | L18: 16.25 | M18: 10.83 | N18: 10
A19: 13001 | B19: 14000 | C19: 70 | D19: 64.17 | E19: 58.33 | F19: 52.5 | G19: 46.67 | H19: 40.83 | I19: 35 | J19: 29.17 | K19: 23.33 | L19: 17.5 | M19: 11.67 | N19: 10
A20: 14001 | B20: 15000 | C20: 75 | D20: 68.75 | E20: 62.5 | F20: 56.25 | G20: 50 | H20: 43.75 | I20: 37.5 | J20: 31.25 | K20: 25 | L20: 18.75 | M20: 12.5 | N20: 10
... A98: 79001 | B98: 80000 | C98: 800 | D98: 733.33 | E98: 666.66 | F98: 600 | G98: 533.33 | H98: 466.66 | I98: 400 | J98: 333.33 | K98: 266.66 | L98: 200 | M98: 133.33 | N98: 66.66
A99: Note: Fee double if vehicle is equipped with solid tires

Sheet SC Code of Law
D2: SC Code of Law
B7: SC Road Use Fee
C8: SECTION 12‑37‑2820. Assessment of motor vehicles. (A) The Department of Motor Vehicles annually shall assess, equalize, and apportion the valuation of all large commercial motor vehicles and buses of motor carriers registered for use in this State under the International Registration Plan or otherwise pursuant to Section 56‑3‑190. The valuation must be based on fair market value for the motor vehicles and an assessment ratio of nine and one‑half percent as provided by Section 12‑43‑220(g). Fair market value is determined by depreciating the gross capitalized cost of each motor carrier's large commercial motor vehicle or bus by an annual percentage depreciation allowance down to ten percent of the cost as follows:
C10: (1) Year One | D10: 0.9
C11: (2) Year Two | D11: 0.8
C12: (3) Year Three | D12: 0.65
C13: (4) Year Four | D13: 0.5
C14: (5) Year Five | D14: 0.35
C15: (6) Year Six | D15: 0.25
C16: (7) Year Seven | D16: 0.2
C17: (8) Year Eight | D17: 0.15
C18: (9) Year Nine | D18: 0.1
C20: (B) "Gross capitalized cost", as used in this section, means the original cost upon acquisition for income tax purposes, not to include taxes, interest, or cab customizing. However, for a motor vehicle which is fueled wholly or partially by alternative fuel as defined in Section 12‑28‑110(1), and that was acquired after 2015 but before 2026, the gross capitalized cost is reduced by the differential costs of a comparable diesel or gasoline powered vehicle, not to exceed thirty percent of the total acquisition cost of the motor vehicle. This reduction shall apply for the first ten property tax years for which tax is due following the acquisition of the vehicle.
C22: SECTION 12‑37‑2830. Determination of value according to apportionment factor. The value of a motor carrier's large commercial motor vehicles and buses subject to road use fees in this State must be determined according to the South Carolina apportionment factor for the fleet of which the commercial vehicle is a part.

Sheet Road Use Fee - Interstate
A1: South Carolina Road Use Fee
B4: 2025 Vehicle Depreciation | E4: South Carolina Average Millage Rate | I4: Apportioned Factor
B5: Year of Acquisition | C5: Depreciation Percentage | E5: Effective Date | G5: Millage Rate | I5: Apportioned factor is determined by dividing distance traveled in SC by total distance traveled by the fleet in the distance reporting period
B6: 1st or current year of acquisition (2025) | C6: 0.9 | E6: 45658 | G6: 0.0266
B7: 2nd year of acquisition (2024) | C7: 0.8 | E7: 45292 | G7: 0.0264 | I7: Fair Market Value
B8: 3nd year of acquisition (2023) | C8: 0.65 | E8: 44927 | G8: 0.0263 | I8: Fair Market Value is determined by the multiplying the GROSS CAPTIALIZED COST by the DEPRECIATION PERCENTAGE
B9: 4th year of acquisition (2022) | C9: 0.5 | E9: 44562 | G9: 0.0264
B10: 5th year of acquisition (2021) | C10: 0.35 | E10: 44197 | G10: 0.0264
B11: 6th year of acquisition (2020) | C11: 0.25
B12: 7th year of acquisition (2019) | C12: 0.2 | E12: Road Use time factor | I12: Definitions
B13: 8th year of acquisition (2018) | C13: 0.15 | E13: The number of months left in the registration year | I13: Gross Capitalized Cost - The price of a vehicle less any taxes, interest, or customizations of the vehicle at time of purchase.
B14: 9th and subsequent year of acquisition (2017 or older) | C14: 0.1 | E14: Registration Months | G14: Road Use Fee Time Factor
E15: 12 | G15: 1 | I15: Fair Market Value - The value of the vehicle when the Gross Capitalized Cost is multiplied by the depreciation percentage for the acquisition year.
B16: 2024 Vehicle Depreciation | E16: 11 | G16: 0.91667
B17: Year of Acquisition | C17: Depreciation Percentage | E17: 10 | G17: 0.83333
B18: 1st or current year of acquisition (2023) | C18: 0.9 | E18: 9 | G18: 0.75
B19: 2nd year of acquisition (2022) | C19: 0.8 | E19: 8 | G19: 0.66667
B20: 3nd year of acquisition (2021) | C20: 0.65 | E20: 7 | G20: 0.58333
B21: 4th year of acquisition (2020) | C21: 0.5 | E21: 6 | G21: 0.5
B22: 5th year of acquisition (2019) | C22: 0.35 | E22: 5 | G22: 0.41667
B23: 6th year of acquisition (2018) | C23: 0.25 | E23: 4 | G23: 0.33333
B24: 7th year of acquisition (2017) | C24: 0.2 | E24: 3 | G24: 0.25
B25: 8th year of acquisition (2016) | C25: 0.15 | E25: 2 | G25: 0.16667
B26: 9th and subsequent year of acquisition (2015 or older) | C26: 0.1 | E26: 1 | G26: 0.08333
B28: 2023 Vehicle Depreciation
B29: Year of Acquisition | C29: Depreciation Percentage
B30: 1st or current year of acquisition (2023) | C30: 0.9
B31: 2nd year of acquisition (2022) | C31: 0.8
B32: 3nd year of acquisition (2021) | C32: 0.65
B33: 4th year of acquisition (2020) | C33: 0.5
B34: 5th year of acquisition (2019) | C34: 0.35
B35: 6th year of acquisition (2018) | C35: 0.25
B36: 7th year of acquisition (2017) | C36: 0.2
B37: 8th year of acquisition (2016) | C37: 0.15
B38: 9th and subsequent year of acquisition (2015 or older) | C38: 0.1
B40: 2022 Vehicle Depreciation
B41: Year of Acquisition | C41: Depreciation Percentage
B42: 1st or current year of acquisition (2022) | C42: 0.9
B43: 2nd year of acquisition (2021) | C43: 0.8
B44: 3nd year of acquisition (2020) | C44: 0.65
B45: 4th year of acquisition (2019) | C45: 0.5
B46: 5th year of acquisition (2018) | C46: 0.35
B47: 6th year of acquisition (2017) | C47: 0.25
B48: 7th year of acquisition (2016) | C48: 0.2
B49: 8th year of acquisition (2015) | C49: 0.15
B50: 9th and subsequent year of acquisition (2014 or older) | C50: 0.1
B52: 2021 Vehicle Depreciation
B53: Year of Acquisition | C53: Depreciation Percentage
B54: 1st or current year of acquisition (2021) | C54: 0.9
B55: 2nd year of acquisition (2020) | C55: 0.8
B56: 3nd year of acquisition (2019) | C56: 0.65
B57: 4th year of acquisition (2018) | C57: 0.5
B58: 5th year of acquisition (2017) | C58: 0.35
B59: 6th year of acquisition (2016) | C59: 0.25
B60: 7th year of acquisition (2015) | C60: 0.2
B61: 8th year of acquisition (2014) | C61: 0.15
B62: 9th and subsequent year of acquisition (2013 or older) | C62: 0.1

Sheet  Bus Fees REVISED
A1: JURISDICTION OF SOUTH CAROLINA - REVISED 12/19/19
G2: Effective 01/01/2020
A3: Schedule of Vehicle Registration Fees
C4: + $3 | D4: + $2.75 | E4: + $2.50 | F4: + $2.25 | G4: + $2.00 | H4: + $1.75 | I4: + $1.50 | J4: + $1.25 | K4: + $1.00 | L4: + $0.75 | M4: + $0.50 | N4: + $0.25
A6: Unladen Weight | C6: 12 Months | D6: 11 Months | E6: 10 Months | F6: 9 Months | G6: 8 Months | H6: 7 Months | I6: 6 Months | J6: 5 Months | K6: 4 Months | L6: 3 Months | M6: 2 Months | N6: 1 Month
A7: 1 | B7: 2000 | C7: 9 | D7: 9 | E7: 9 | F7: 9 | G7: 9 | H7: 9 | I7: 9 | J7: 9 | K7: 9 | L7: 9 | M7: 9 | N7: 9
A8: 2001 | B8: 2500 | C8: 12 | D8: 11 | E8: 10 | F8: 10 | G8: 10 | H8: 10 | I8: 10 | J8: 10 | K8: 10 | L8: 10 | M8: 10 | N8: 10 | O8: + $1.00
A9: 2501 | B9: 3000 | C9: 15 | D9: 13.75 | E9: 12.5 | F9: 11.25 | G9: 10 | H9: 10 | I9: 10 | J9: 10 | K9: 10 | L9: 10 | M9: 10 | N9: 10 | O9: + $1.25
A10: 3001 | B10: 3500 | C10: 18 | D10: 16.5 | E10: 15 | F10: 13.5 | G10: 12 | H10: 10.5 | I10: 10 | J10: 10 | K10: 10 | L10: 10 | M10: 10 | N10: 10 | O10: + $1.50
A11: 3501 | B11: 4000 | C11: 21 | D11: 19.25 | E11: 17.5 | F11: 15.75 | G11: 14 | H11: 12.25 | I11: 10.5 | J11: 10 | K11: 10 | L11: 10 | M11: 10 | N11: 10 | O11: + $1.75
A13: 4001 | B13: 4500 | C13: 24 | D13: 22 | E13: 20 | F13: 18 | G13: 16 | H13: 14 | I13: 12 | J13: 10 | K13: 10 | L13: 10 | M13: 10 | N13: 10 | O13: + $2.00
A14: 4501 | B14: 5000 | C14: 27 | D14: 24.75 | E14: 22.5 | F14: 20.25 | G14: 18 | H14: 15.75 | I14: 13.5 | J14: 11.25 | K14: 10 | L14: 10 | M14: 10 | N14: 10 | O14: + $2.25
A15: 5001 | B15: 5500 | C15: 30 | D15: 27.5 | E15: 25 | F15: 22.5 | G15: 20 | H15: 17.5 | I15: 15 | J15: 12.5 | K15: 10 | L15: 10 | M15: 10 | N15: 10 | O15: + $2.50
A16: 5501 | B16: 6000 | C16: 33 | D16: 30.25 | E16: 27.5 | F16: 24.75 | G16: 22 | H16: 19.25 | I16: 16.5 | J16: 13.75 | K16: 11 | L16: 10 | M16: 10 | N16: 10 | O16: + $2.75
A17: 6001 | B17: 6500 | C17: 36 | D17: 33 | E17: 30 | F17: 27 | G17: 24 | H17: 21 | I17: 18 | J17: 15 | K17: 12 | L17: 10 | M17: 10 | N17: 10 | O17: + $3.00
A19: 6501 | B19: 7000 | C19: 39 | D19: 35.75 | E19: 32.5 | F19: 29.25 | G19: 26 | H19: 22.75 | I19: 19.5 | J19: 16.25 | K19: 13 | L19: 10 | M19: 10 | N19: 10 | O19: + $3.02
A20: 7001 | B20: 7500 | C20: 42 | D20: 38.5 | E20: 35 | F20: 31.5 | G20: 28 | H20: 24.5 | I20: 21 | J20: 17.5 | K20: 14 | L20: 10.5 | M20: 10 | N20: 10
A21: 7501 | B21: 8000 | C21: 45 | D21: 41.25 | E21: 37.5 | F21: 33.75 | G21: 30 | H21: 26.25 | I21: 22.5 | J21: 18.75 | K21: 15 | L21: 11.25 | M21: 10 | N21: 10
A22: 8001 | B22: 8500 | C22: 48 | D22: 44 | E22: 40 | F22: 36 | G22: 32 | H22: 28 | I22: 24 | J22: 20 | K22: 16 | L22: 12 | M22: 10 | N22: 10
A23: 8501 | B23: 9000 | C23: 51 | D23: 46.75 | E23: 42.5 | F23: 38.25 | G23: 34 | H23: 29.75 | I23: 25.5 | J23: 21.25 | K23: 17 | L23: 12.75 | M23: 10 | N23: 10
A25: 9001 | B25: 9500 | C25: 54 | D25: 49.5 | E25: 45 | F25: 40.5 | G25: 36 | H25: 31.5 | I25: 27 | J25: 22.5 | K25: 18 | L25: 13.5 | M25: 10 | N25: 10
A26: 9501 | B26: 10000 | C26: 57 | D26: 52.25 | E26: 47.5 | F26: 42.75 | G26: 38 | H26: 33.25 | I26: 28.5 | J26: 23.75 | K26: 19 | L26: 14.25 | M26: 10 | N26: 10
A27: 10001 | B27: 10500 | C27: 60 | D27: 55 | E27: 50 | F27: 45 | G27: 40 | H27: 35 | I27: 30 | J27: 25 | K27: 20 | L27: 15 | M27: 10 | N27: 10
A28: 10501 | B28: 11000 | C28: 63 | D28: 57.75 | E28: 52.5 | F28: 47.25 | G28: 42 | H28: 36.75 | I28: 31.5 | J28: 26.25 | K28: 21 | L28: 15.75 | M28: 10.5 | N28: 10
A29: 11001 | B29: 11500 | C29: 66 | D29: 60.5 | E29: 55 | F29: 49.5 | G29: 44 | H29: 38.5 | I29: 33 | J29: 27.5 | K29: 22 | L29: 16.5 | M29: 11 | N29: 10
A31: 11501 | B31: 12000 | C31: 69 | D31: 63.25 | E31: 57.5 | F31: 51.75 | G31: 46 | H31: 40.25 | I31: 34.5 | J31: 28.75 | K31: 23 | L31: 17.25 | M31: 11.5 | N31: 10
A32: 12001 | B32: 12500 | C32: 72 | D32: 66 | E32: 60 | F32: 54 | G32: 48 | H32: 42 | I32: 36 | J32: 30 | K32: 24 | L32: 18 | M32: 12 | N32: 10
A33: 12501 | B33: 13000 | C33: 75 | D33: 68.75 | E33: 62.5 | F33: 56.25 | G33: 50 | H33: 43.75 | I33: 37.5 | J33: 31.25 | K33: 25 | L33: 18.75 | M33: 12.5 | N33: 10
... A59: 23501 | B59: 24000 | C59: 141 | D59: 129.25 | E59: 117.5 | F59: 105.75 | G59: 94 | H59: 82.25 | I59: 70.5 | J59: 58.75 | K59: 47 | L59: 35.25 | M59: 23.5 | N59: 11.75
A61: 24001 | B61: 24500 | C61: 144 | D61: 132 | E61: 120 | F61: 108 | G61: 96 | H61: 84 | I61: 72 | J61: 60 | K61: 48 | L61: 36 | M61: 24 | N61: 12 | O61: +$12.00
A62: 24501 | B62: 25000 | C62: 147 | D62: 134.75 | E62: 122.5 | F62: 110.25 | G62: 98 | H62: 85.75 | I62: 73.5 | J62: 61.25 | K62: 49 | L62: 36.75 | M62: 24.5 | N62: 12.25 | O62: +$12.25
A63: 25001 | B63: 25500 | C63: 150 | D63: 137.5 | E63: 125 | F63: 112.5 | G63: 100 | H63: 87.5 | I63: 75 | J63: 62.5 | K63: 50 | L63: 37.5 | M63: 25 | N63: 12.5 | O63: +$12.50
A64: 25501 | B64: 26000 | C64: 153 | D64: 140.25 | E64: 127.5 | F64: 114.75 | G64: 102 | H64: 89.25 | I64: 76.5 | J64: 63.75 | K64: 51 | L64: 38.25 | M64: 25.5 | N64: 12.75 | O64: +$12.75
A65: 26001 | B65: 26500 | C65: 156 | D65: 143 | E65: 130 | F65: 117 | G65: 104 | H65: 91 | I65: 78 | J65: 65 | K65: 52 | L65: 39 | M65: 26 | N65: 13 | O65: +$13
A67: 26501 | B67: 27000 | C67: 159 | D67: 145.75 | E67: 132.5 | F67: 119.25 | G67: 106 | H67: 92.75 | I67: 79.5 | J67: 66.25 | K67: 53 | L67: 39.75 | M67: 26.5 | N67: 13.25 | O67: + $13.25
A68: 27001 | B68: 27500 | C68: 162 | D68: 148.5 | E68: 135 | F68: 121.5 | G68: 108 | H68: 94.5 | I68: 81 | J68: 67.5 | K68: 54 | L68: 40.5 | M68: 27 | N68: 13.5 | O68: + $13.50
A69: 27501 | B69: 28000 | C69: 165 | D69: 151.25 | E69: 137.5 | F69: 123.75 | G69: 110 | H69: 96.25 | I69: 82.5 | J69: 68.75 | K69: 55 | L69: 41.25 | M69: 27.5 | N69: 13.75 | O69: + $13.75
A70: 28001 | B70: 28500 | C70: 168 | D70: 154 | E70: 140 | F70: 126 | G70: 112 | H70: 98 | I70: 84 | J70: 70 | K70: 56 | L70: 42 | M70: 28 | N70: 14 | O70: + $14.00
A71: 28501 | B71: 29000 | C71: 171 | D71: 156.75 | E71: 142.5 | F71: 128.25 | G71: 114 | H71: 99.75 | I71: 85.5 | J71: 71.25 | K71: 57 | L71: 42.75 | M71: 28.5 | N71: 14.25 | O71: + $14.25
A73: 29001 | B73: 29500 | C73: 174 | D73: 159.5 | E73: 145 | F73: 130.5 | G73: 116 | H73: 101.5 | I73: 87 | J73: 72.5 | K73: 58 | L73: 43.5 | M73: 29 | N73: 14.5
A74: 29501 | B74: 30000 | C74: 177 | D74: 162.25 | E74: 147.5 | F74: 132.75 | G74: 118 | H74: 103.25 | I74: 88.5 | J74: 73.75 | K74: 59 | L74: 44.25 | M74: 29.5 | N74: 14.75
A75: 30001 | B75: 30500 | C75: 180 | D75: 165 | E75: 150 | F75: 135 | G75: 120 | H75: 105 | I75: 90 | J75: 75 | K75: 60 | L75: 45 | M75: 30 | N75: 15
A76: 30501 | B76: 31000 | C76: 183 | D76: 167.75 | E76: 152.5 | F76: 137.25 | G76: 122 | H76: 106.75 | I76: 91.5 | J76: 76.25 | K76: 61 | L76: 45.75 | M76: 30.5 | N76: 15.25
A77: 31001 | B77: 31500 | C77: 186 | D77: 170.5 | E77: 155 | F77: 139.5 | G77: 124 | H77: 108.5 | I77: 93 | J77: 77.5 | K77: 62 | L77: 46.5 | M77: 31 | N77: 15.5
A79: 31501 | B79: 32000 | C79: 189 | D79: 173.25 | E79: 157.5 | F79: 141.75 | G79: 126 | H79: 110.25 | I79: 94.5 | J79: 78.75 | K79: 63 | L79: 47.25 | M79: 31.5 | N79: 15.75
A80: 32001 | B80: 32500 | C80: 192 | D80: 176 | E80: 180 | F80: 144 | G80: 128 | H80: 112 | I80: 96 | J80: 80 | K80: 64 | L80: 48 | M80: 32 | N80: 16
A81: 32501 | B81: 33000 | C81: 195 | D81: 178.75 | E81: 162.5 | F81: 146.25 | G81: 130 | H81: 113.75 | I81: 97.5 | J81: 81.25 | K81: 65 | L81: 48.75 | M81: 32.5 | N81: 16.25
A82: 33001 | B82: 33500 | C82: 198 | D82: 181.5 | E82: 165 | F82: 148.5 | G82: 132 | H82: 115.5 | I82: 99 | J82: 82.5 | K82: 66 | L82: 49.5 | M82: 33 | N82: 16.5
A83: 33501 | B83: 34000 | C83: 201 | D83: 184.25 | E83: 167.5 | F83: 150.75 | G83: 134 | H83: 117.25 | I83: 100.5 | J83: 83.75 | K83: 67 | L83: 50.25 | M83: 33.5 | N83: 16.75
A85: 34001 | B85: 34500 | C85: 204 | D85: 187 | E85: 170 | F85: 153 | G85: 136 | H85: 119 | I85: 102 | J85: 85 | K85: 68 | L85: 51 | M85: 34 | N85: 17
A86: 34501 | B86: 35000 | C86: 207 | D86: 189.75 | E86: 172.5 | F86: 155.25 | G86: 138 | H86: 120.75 | I86: 103.5 | J86: 86.25 | K86: 69 | L86: 51.75 | M86: 34.5 | N86: 17.25
... A89: 36001 | B89: 36500 | C89: 216 | D89: 198 | E89: 180 | F89: 162 | G89: 144 | H89: 126 | I89: 108 | J89: 90 | K89: 72 | L89: 54 | M89: 36 | N89: 18
A91: 36501 | B91: 37000 | C91: 219 | D91: 200.75 | E91: 182.5 | F91: 164.25 | G91: 146 | H91: 127.75 | I91: 109.5 | J91: 91.25 | K91: 73 | L91: 54.75 | M91: 36.5 | N91: 18.25 | O91: 18.25
A92: 37001 | B92: 37500 | C92: 222 | D92: 203.5 | E92: 185 | F92: 166.5 | G92: 148 | H92: 129.5 | I92: 111 | J92: 92.5 | K92: 74 | L92: 55.5 | M92: 37 | N92: 18.5 | O92: 18.5
A93: 37501 | B93: 38000 | C93: 225 | D93: 206.25 | E93: 187.5 | F93: 168.75 | G93: 150 | H93: 131.25 | I93: 112.5 | J93: 93.75 | K93: 75 | L93: 56.25 | M93: 37.5 | N93: 18.75 | O93: 18.75
A94: 38001 | B94: 38500 | C94: 228 | D94: 209 | E94: 190 | F94: 171 | G94: 152 | H94: 133 | I94: 114 | J94: 95 | K94: 76 | L94: 57 | M94: 38 | N94: 19 | O94: 19
A95: 38501 | B95: 39000 | C95: 231 | D95: 211.75 | E95: 192.5 | F95: 173.25 | G95: 154 | H95: 134.75 | I95: 115.5 | J95: 96.25 | K95: 77 | L95: 57.75 | M95: 38.5 | N95: 19.25 | O95: 19.25
A97: 39001 | B97: 39500 | C97: 234 | D97: 214.5 | E97: 195 | F97: 175.5 | G97: 156 | H97: 136.5 | I97: 117 | J97: 97.5 | K97: 78 | L97: 58.5 | M97: 39 | N97: 19.5
A98: 39501 | B98: 40000 | C98: 237 | D98: 217.25 | E98: 197.5 | F98: 177.75 | G98: 158 | H98: 138.25 | I98: 118.5 | J98: 98.75 | K98: 79 | L98: 59.25 | M98: 39.5 | N98: 19.75
A99: 40001 | B99: 40500 | C99: 240 | D99: 220 | E99: 200 | F99: 180 | G99: 160 | H99: 140 | I99: 120 | J99: 100 | K99: 80 | L99: 60 | M99: 40 | N99: 20
A100: 40501 | B100: 41000 | C100: 243 | D100: 222.75 | E100: 202.5 | F100: 182.25 | G100: 162 | H100: 141.75 | I100: 121.5 | J100: 101.25 | K100: 81 | L100: 60.75 | M100: 40.5 | N100: 20.25
A101: 41001 | B101: 41500 | C101: 246 | D101: 225.5 | E101: 205 | F101: 184.5 | G101: 164 | H101: 143.5 | I101: 123 | J101: 102.5 | K101: 82 | L101: 61.5 | M101: 41 | N101: 20.5
A102: 41501 | B102: 42000 | C102: 249 | D102: 228.25 | E102: 207.5 | F102: 186.75 | G102: 166 | H102: 145.25 | I102: 124.5 | J102: 103.75 | K102: 83 | L102: 62.25 | M102: 41.5 | N102: 20.75
A104: 42001 | B104: 42500 | C104: 252 | D104: 231 | E104: 210 | F104: 189 | G104: 168 | H104: 147 | I104: 126 | J104: 105 | K104: 84 | L104: 63 | M104: 42 | N104: 21
A105: 42501 | B105: 43000 | C105: 255 | D105: 233.75 | E105: 212.5 | F105: 191.25 | G105: 170 | H105: 148.75 | I105: 127.5 | J105: 106.25 | K105: 85 | L105: 63.75 | M105: 42.5 | N105: 21.25
A106: 43001 | B106: 43500 | C106: 258 | D106: 236.5 | E106: 215 | F106: 193.5 | G106: 172 | H106: 150.5 | I106: 129 | J106: 107.5 | K106: 86 | L106: 64.5 | M106: 43 | N106: 21.5
A107: 43501 | B107: 44000 | C107: 261 | D107: 239.25 | E107: 217.5 | F107: 195.75 | G107: 174 | H107: 152.25 | I107: 130.5 | J107: 108.75 | K107: 87 | L107: 65.25 | M107: 43.5 | N107: 21.75
A109: 44001 | B109: 44500 | C109: 264 | D109: 242 | E109: 220 | F109: 198 | G109: 176 | H109: 154 | I109: 132 | J109: 110 | K109: 88 | L109: 66 | M109: 44 | N109: 22
A110: 44501 | B110: 45000 | C110: 267 | D110: 244.75 | E110: 222.5 | F110: 200.25 | G110: 178 | H110: 155.75 | I110: 133.5 | J110: 111.25 | K110: 89 | L110: 66.75 | M110: 44.5 | N110: 22.25
... A146: 59501 | B146: 60000 | C146: 357 | D146: 327.25 | E146: 297.5 | F146: 267.75 | G146: 238 | H146: 208.25 | I146: 178.5 | J146: 148.75 | K146: 119 | L146: 89.25 | M146: 59.5 | N146: 29.75

Sheet SC Millage Rate Calculations
B6: 2022 State Millage
B7: =SUM(0.95*0.08*0.348) -> 0.026448
B9: 2021 State Millage
B10: =SUM(0.95*0.08*0.3468) -> 0.0263568
B12: 2020 State Millage
B13: =SUM(0.95*0.08*0.3424) -> 0.0260224
B15: 2019 State Millage
B16: =SUM(0.95*0.08*0.3385) -> 0.025726

Sheet RUF Calc Examples 2019 Millage 
A1: SOUTH CAROLINA ROAD USE FEE
A2: * Current Millage Rate effective January 1, 2019*
A3: *2019 Vehicle Depreciation Allowance effective January 1, 2019
A5: Fair Market Value
A7: Example 1a
A8: Truck/Tractor - Renewal
A10: Registration Gross Weight (pounds): | B10: 55000 | E10: Vehicle Depreciation (2019)
A11: Registration Effective Date: | B11: 43678 | E11: YEAR | F11: Percent of Depreciation Allowance
A12: Fleet Expiration Date: | B12: 44043 | E12: 1st or current year of acquisition (2019) | F12: 0.9
A13: Registration Period (months): | B13: 12 | E13: 2nd year of acquisition (2018) | F13: 0.8
A14: South Carolina Distance Percentage: | B14: 0.92091 | E14: 3nd year of acquisition (2017) | F14: 0.65
A15: Road Use Time Factor: | B15: 1 | E15: 4th year of acquisition (2016) | F15: 0.5
A16: Registration Weight Fee: | B16: 415 | E16: 5th year of acquisition (2015) | F16: 0.35
A17: Registration Weight Fee Due: $415.00 * (92.091/100) | B17: =ROUND(B14*B16,2) -> 382.18 | E17: 6th year of acquisition (2014) | F17: 0.25
A18: Purchase Price: | B18: 12000 | E18: 7th year of acquisition (2013) | F18: 0.2
A19: Depreciation: (Purchase Year: 2017) | B19: 0.65 | E19: 8th year of acquisition (2012) | F19: 0.15
A20: Fair Market Value: ($12,000.00 * 0.65) | B20: =ROUND(B18*B19,2) -> 7800 | E20: 9th and subsequent year of acquisition (2011 or older) | F20: 0.1
A21: *Millage Rate: | B21: 0.0258
A22: Road Use Fee Due: ($7,800*92.091/100*0.0258*1) | B22: =ROUND(B20*B14*B21*B15,2) -> 185.32
A23: Total Net Due: (382.18 + 185.32) | B23: =SUM(B17,B22) -> 567.5
A25: Example 1b
A26: Bus - Renewal
A28: Registration Gross Weight (pounds): 37,610 + (56*150) | B28: 46010
A29: Registration Effective Date: | B29: 43800
A30: Fleet Expiration Date: | B30: 44165
A31: Registration Period (months): | B31: 12
A32: South Carolina Distance Percentage: | B32: 0.27439
A33: Road Use Time Factor: | B33: 1
A34: Registration Weight Fee: | B34: 276
A35: Registration Weight Fee Due: $276.00 * (27.44/100) | B35: =ROUND(B34*B32,2) -> 75.73
A36: Base Purchase Price: | B36: 496034
A37: Deprecation: (Purchase year: 2016) | B37: 0.5
A38: Fair Market Value: (496,034.00 * 0.50) | B38: =ROUND(B36*B37,2) -> 248017
A39: *Millage Rate: | B39: 0.0258
A40: Road Use Fee Due: ($248,017.00 * 27.44/100*0.0258*1) | B40: =ROUND(B38*B32*B39*B33,2) -> 1755.78
A41: Total Net Due: ($1,755.78 + $75.73) | B41: =SUM(B35,B40) -> 1831.51
A43: Example 2a
A44: Truck/Tractor - Add Vehicle
A46: Registration Gross Weight (pounds): | B46: 80000
A47: Registration Effective Date: | B47: 43678
A48: Fleet Expiration Date: | B48: 44043
A49: Supplement Effective date: | B49: 43739
A50: Registration Period (months): | B50: 10
A51: South Carolina Distance Percentage: | B51: 0.29405
A52: Road Use Time Factor: | B52: 0.75
A53: Registration Weight Fee: | B53: 600
A54: Registration Weight Fee Due: $600.00 * (29.405/100) | B54: =ROUND(B53*B51,2) -> 176.43
A55: Purchase Price: | B55: 170200
A56: Depreciation: (Purchase Year: 2018) | B56: 0.8
A57: Fair Market Value: (170,200.00 * 0.80) | B57: =ROUND(B55*B56,2) -> 136160
A58: *Millage Rate: | B58: 0.0258
A59: Road Use Fee Due: ($136,160.00* 29.405/100*0.0258*0.75) | B59: =ROUND(B57*B51*B58*B52,2) -> 774.73
A60: Total Net Due: ($176.43 + $774.73) | B60: =SUM(B54,B59) -> 951.16
A62: Note: Road Use Fee is prorated
A64: Example 2b
A65: Bus - Add Vehicle (54 Seats)
A67: Registration Gross Weight (pounds): 38,860 + (54*150) | B67: 46960
A68: Registration Effective Date: | B68: 43466
A69: Supplement Effective Date: | B69: 43647
A70: Fleet Expiration Date: | B70: 43465
A71: Registration Period (months): | B71: 6
A72: South Carolina Distance Percentage: | B72: 0.27439
A73: Road Use Time Factor: | B73: 0.35
A74: Registration Weight Fee: | B74: 139.5
A75: Registration Weight Fee Due: $139.50 * (27.439/100) | B75: =ROUND(B74*B72,2) -> 38.28
A76: Purchase Price: | B76: 358208
A77: Depreciation: (Purchase year: 2015) | B77: 0.35
A78: Fair Market Value: $358,208.00 * 0.35 | B78: =ROUND(B76*B77,2) -> 125372.8
A79: *Millage Rate: | B79: 0.0258
A80: Road Use Fee Due: ($125,372.80* 27.439/100*0.0258*0.35) | B80: =ROUND(B78*B72*B79*B73,2) -> 310.64
A81: Total Net Due: ($38.28 + $310.64) | B81: =SUM(B75,B80) -> 348.92
A83: Note: Road Use Fee is prorated
A85: Example 3a
A86: Add with Transfer (Same Weight) TT,TK
A88: Deleted Vehicle
A89: Registration Gross Weight (pounds): | B89: 80000
A90: Registration Effective Date: | B90: 43678
A91: Fleet Expiration Date: | B91: 44043
A92: Supplement Date: | B92: 43710
A93: Registration Period (months): | B93: 11
A94: South Carolina Distance Percentage: | B94: 0.29405
A95: Registration Weight Fee: | B95: 733.33
A96: Registration Weight Fee Credit Due: $733.33 * (29.405/100) | B96: =ROUND(B95*B94,2) -> 215.64
A97: Purchase Price: | B97: 28000
A98: Depreciation: ( Purchase year: 2016) | B98: 0.5
A99: Fair Market Value: $28,000 * 0.50 | B99: =ROUND(B97*B98,2) -> 14000
A100: Road Use Fee Time Factor: | B100: 0.91667
A101: *Millage Rate: | B101: 0.0258
A102: Road Use Fee Credit Due: $14,000 * 29.405/100 * 0.0258 * 0.91677 | B102: =ROUND(B99*B94*B101*B100,2) -> 97.36
A103: Total Net Credit Due: $215.64 + $97.36 | B103: =SUM(B96,B102) -> 313
A105: Added Vehicle
A106: Registration Gross Weight (pounds): | B106: 80000
A107: Registration Effective Date: | B107: 43710
A108: Fleet Expiration Date: | B108: 44043
A109: Registration Period (months): | B109: 11
A110: South Carolina Distance Percentage: | B110: 0.29405
A111: Registration Weight Fee: | B111: 733.33
A112: Registration Weight Fee Due: $733.33 * (29.405/100) | B112: =ROUND(B111*B110,2) -> 215.64
A113: Purchase Price: | B113: 156692
A114: Depreciation: (Purchase year: 2019) | B114: 0.9
...

Sheet RUF Calc Examples 2020
B1: SOUTH CAROLINA ROAD USE FEE
C2: 2020 Millage Rate effective January 1, 2020
C3: 2020 Vehicle Depreciation effective January 1, 2020
C4: Road Use Fee will effect the following transactions:
A5: Example 1a | C5: *New Accounts
A6: Truck/Tractor - New Account | C6: *Renewal
C7: *Add Vehicle
A8: Registration Gross Weight (pounds): | B8: 70000 | C8: *Add with Transfer
A9: Registration Effective Date: | B9: 43891
A10: Fleet Expiration Date: | B10: 44255
A11: Registration Period (months): | B11: 12
A12: South Carolina Distance Percentage: | B12: 0.28804
A13: Prorate Factor: | B13: 1
A14: Registration Weight Fee: | B14: 618
A15: Registration Weight Fee Due: $618.00* (28.804/100) | B15: =ROUND(B12*B14,2) -> 178.01
A16: Gross Captialized Cost: | B16: 12000
A17: Depreciation: (Purchase Year: 2017) | B17: 0.5
A18: Fair Market Value: $12,000.00 * 0.50 | B18: =ROUND(B16*B17,2) -> 6000
A19: *Millage Rate: | B19: 0.026
A20: Road Use Fee Due: ($6,000*28.804/100*0.0260*1) | B20: =ROUND(B18*B12*B19*B13,2) -> 44.93
A21: Total Net Due: $178.01 + $44.93 | B21: =SUM(B15,B20) -> 222.94
A23: Example 1b
A24: Truck/Tractor - Renewal
A26: Registration Gross Weight (pounds): | B26: 55000
A27: Registration Effective Date: | B27: 44044
A28: Fleet Expiration Date: | B28: 44408
A29: Registration Period (months): | B29: 12
A30: South Carolina Distance Percentage: | B30: 0.92091
A31: Prorate Factor: | B31: 1
A32: Registration Weight Fee: | B32: 415
A33: Registration Weight Fee Due: $415.00 * (92.091/100) | B33: =ROUND(B30*B32,2) -> 382.18
A34: Gross Captialized Cost: | B34: 12000
A35: Depreciation: (Purchase Year: 2017) | B35: 0.5
A36: Fair Market Value: $12,000.00 * 0.50 | B36: =ROUND(B34*B35,2) -> 6000
A37: *Millage Rate: | B37: 0.026
A38: Road Use Fee Due: ($6,000*92.091/100*0.0260*1) | B38: =ROUND(B36*B30*B37*B31,2) -> 143.66
A39: Total Net Due: $382.18 + $143.66 | B39: =SUM(B33,B38) -> 525.84
A41: Example 1c
A42: Bus - Renewal
A44: Registration Gross Weight (pounds): 37,610 + (56*150) | B44: 46010
A45: Registration Effective Date: | B45: 44166
A46: Fleet Expiration Date: | B46: 44530
A47: Registration Period (months): | B47: 12
A48: South Carolina Distance Percentage: | B48: 0.27439
A49: Prorate Factor: | B49: 1
A50: Registration Weight Fee: | B50: 276
A51: Registration Weight Fee Due: $276.00 * (27.439/100) | B51: =ROUND(B50*B48,2) -> 75.73
A52: Gross Captialized Cost: | B52: 496034
A53: Deprecation: (Purchase year: 2016) | B53: 0.35
A54: Fair Market Value: $496,034.00 * 0.35 | B54: =ROUND(B52*B53,2) -> 173611.9
A55: *Millage Rate: | B55: 0.026
A56: Road Use Fee Due: ($17,611.90* 27.439/100*0.0260*1) | B56: =ROUND(B54*B48*B55*B49,2) -> 1238.57
A57: Total Net Due: ($75.73 + $1,238.57) | B57: =SUM(B51,B56) -> 1314.3
A59: Example 2a
A60: Truck/Tractor - Add Vehicle
A62: Registration Gross Weight (pounds): | B62: 80000
A63: Registration Effective Date: | B63: 44013
A64: Fleet Expiration Date: | B64: 44377
A65: Supplement Effective date: | B65: 44105
A66: Registration Period (months): | B66: 9
A67: South Carolina Distance Percentage: | B67: 0.29405
A68: Prorate Factor: | B68: 0.75
A69: Registration Weight Fee: | B69: 600
A70: Registration Weight Fee Due: $600.00 * (29.405/100) | B70: =ROUND(B69*B67,2) -> 176.43
A71: Gross Captialized Cost: | B71: 170200
A72: Depreciation: (Purchase Year: 2018) | B72: 0.65
A73: Fair Market Value: $170,200.00 * 0.65 | B73: =ROUND(B71*B72,2) -> 110630
A74: *Millage Rate: | B74: 0.026
A75: Road Use Fee Due: ($110,630.00 * 29.405/100 * 0.0260 * 0.75) | B75: =ROUND(B73*B67*B74*B68,2) -> 634.35
A76: Total Net Due: ($176.43 + $634.35) | B76: =SUM(B70,B75) -> 810.78
A78: Note: Road Use Fee is prorated
A80: Example 2b
A81: Bus - Add Vehicle
A83: Registration Gross Weight (pounds): 38,860 + (54*150) | B83: 46960
A84: Registration Effective Date: | B84: 43831
A85: Supplement Effective Date: | B85: 44013
A86: Fleet Expiration Date: | B86: 44196
A87: Registration Period (months): | B87: 6
A88: South Carolina Distance Percentage: | B88: 0.27439
A89: Prorate Factor: | B89: 0.5
A90: Registration Weight Fee: | B90: 139.5
A91: Registration Weight Fee Due: $139.50 * (27.439/100) | B91: =ROUND(B90*B88,2) -> 38.28
A92: Gross Captialized Cost: | B92: 358208
A93: Depreciation: (Purchase year: 2015) | B93: 0.25
A94: Fair Market Value: $358,208.00 * 0.25 | B94: =ROUND(B92*B93,2) -> 89552
A95: *Millage Rate: | B95: 0.026
A96: Road Use Fee Due: ($89,552.00* 27.439/100*0.0260*0.50) | B96: =ROUND(B94*B88*B95*B89,2) -> 319.44
A97: Total Net Due: ($38.28 + $319.44) | B97: =SUM(B91,B96) -> 357.72
A99: Note: Road Use Fee is prorated
A101: Example 3a
A102: Add with Transfer (Same Weight) TT,TK
A104: Deleted Vehicle
A105: Registration Gross Weight (pounds): | B105: 80000
A106: Registration Effective Date: | B106: 44044
A107: Fleet Expiration Date: | B107: 44408
A108: Supplement Date: | B108: 44075
A109: Registration Period (months): | B109: 11
A110: South Carolina Distance Percentage: | B110: 0.2307
A111: Registration Weight Fee: | B111: 733.33
A112: Registration Weight Fee Credit Due: $733.33 * (23.070/100) | B112: =ROUND(B111*B110,2) -> 169.18
...

Sheet Calculations and Formulas
E2: CALCULCATIONS AND FORMULAS
A4: SOUTH CAROLINA ROAD USE FEE
A5: Road Use Fee will calculate using the following scenarios for LARGE commercial vehicles GVW 26,001 or greater.
A7: Vehicles GVW 26,001 lbs. OR MORE: | C7: Fair Market Value (Gross Captialized Cost x Depreciation) x SC Percent Travel x Millage Rate x Road Use time factor
A9: Vehicles GVW 26,000 lbs. OR LESS: | C9: Road Use Fee will not calculate for vehicles GVW 26,000 or less
A11: To Calculate Road Use Fee using Gross Captialized Cost 2025 MILLAGE :
A13: Gross Capitalized Cost | B13: X | C13: Depreciation | D13: X | E13: SC Travel Percentage | F13: X | G13: 2025 SC millage rate | H13: X | I13: Road Use time factor
A14: 106922 | B14: X | C14: 0.2 | D14: X | E14: 52.632 | F14: X | G14: 0.0266 | H14: X | I14: 1 | J14: = | K14: =ROUND(A14*C14*E14/100*G14*I14,2) -> 299.38
A15: 40000 | B15: X | C15: 0.5 | D15: X | E15: 52.632 | F15: X | G15: 0.0266 | H15: X | I15: 1 | J15: = | K15: =ROUND(A15*C15*E15/100*G15*I15,2) -> 280
A16: 40000 | B16: X | C16: 0.5 | D16: X | E16: 52.632 | F16: X | G16: 0.0266 | H16: X | I16: 1 | J16: = | K16: =ROUND(A16*C16*E16/100*G16*I16,2) -> 280
A17: 40000 | B17: X | C17: 0.5 | D17: X | E17: 52.632 | F17: X | G17: 0.0266 | H17: X | I17: 1 | J17: = | K17: =ROUND(A17*C17*E17/100*G17*I17,2) -> 280
A18: 40000 | B18: X | C18: 0.5 | D18: X | E18: 52.632 | F18: X | G18: 0.0266 | H18: X | I18: 1 | J18: = | K18: =ROUND(A18*C18*E18/100*G18*I18,2) -> 280
A19: 50000 | B19: X | C19: 0.5 | D19: X | E19: 52.632 | F19: X | G19: 0.0266 | H19: X | I19: 1 | J19: = | K19: =ROUND(A19*C19*E19/100*G19*I19,2) -> 350
A20: 50000 | B20: X | C20: 0.5 | D20: X | E20: 52.632 | F20: X | G20: 0.0266 | H20: X | I20: 1 | J20: = | K20: =ROUND(A20*C20*E20/100*G20*I20,2) -> 350
A21: 350000 | B21: X | C21: 0.5 | D21: X | E21: 52.632 | F21: X | G21: 0.0266 | H21: X | I21: 1 | J21: = | K21: =ROUND(A21*C21*E21/100*G21*I21,2) -> 2450.02
A22: 275000 | B22: X | C22: 0.5 | D22: X | E22: 52.632 | F22: X | G22: 0.0266 | H22: X | I22: 1 | J22: = | K22: =ROUND(A22*C22*E22/100*G22*I22,2) -> 1925.02
A23: 22119 | B23: X | C23: 0.5 | D23: X | E23: 52.632 | F23: X | G23: 0.0266 | H23: X | I23: 1 | J23: = | K23: =ROUND(A23*C23*E23/100*G23*I23,2) -> 154.83
A24: 22119 | B24: X | C24: 0.5 | D24: X | E24: 52.632 | F24: X | G24: 0.0266 | H24: X | I24: 1 | J24: = | K24: =ROUND(A24*C24*E24/100*G24*I24,2) -> 154.83
A25: 22119 | B25: X | C25: 0.5 | D25: X | E25: 52.632 | F25: X | G25: 0.0266 | H25: X | I25: 1 | J25: = | K25: =ROUND(A25*C25*E25/100*G25*I25,2) -> 154.83
... A33: 384571 | B33: X | C33: 0.8 | D33: X | E33: 52.632 | F33: X | G33: 0.0266 | H33: X | I33: 1 | J33: = | K33: =ROUND(A33*C33*E33/100*G33*I33,2) -> 4307.23

Sheet RUF Calc Examples 2021
B1: SOUTH CAROLINA ROAD USE FEE
C2: 2021 Millage Rate effective January 1, 2021
C3: 2021 Vehicle Depreciation effective January 1, 2021
C4: Road Use Fee will effect the following transactions:
A5: Example 1a | C5: *New Accounts
A6: Truck/Tractor - New Account | C6: *Renewal
C7: *Add Vehicle
A8: Registration Gross Weight (pounds): | B8: 70000 | C8: *Add with Transfer
A9: Registration Effective Date: | B9: 44197
A10: Fleet Expiration Date: | B10: 44561
A11: Registration Period (months): | B11: 12
A12: South Carolina Distance Percentage: | B12: 0.28804
A13: Road Use time factor: | B13: 1
A14: Registration Weight Fee: | B14: =' Truck & Bus Fees'!C87 -> 618
A15: Registration Weight Fee Due: $618.00* (28.804/100) | B15: =ROUND(B12*B14,2) -> 178.01
A16: Gross Capitalized Cost: | B16: 12000
A17: 2021 Depreciation: (Purchase Year: 2017) | B17: ='Road Use Fee - Interstate'!C58 -> 0.35
A18: Fair Market Value: $12,000.00 * 0.35 | B18: =ROUND(B16*B17,2) -> 4200
A19: 2021 Millage Rate: | B19: ='Road Use Fee - Interstate'!E11 -> 0
A20: Road Use Fee Due: ($4,200*28.804/100*0.0264*1) | B20: =ROUND(B18*B12*B19*B13,2) -> 0
A21: Total Net Due: $178.01 + $31.94 | B21: =SUM(B15,B20) -> 178.01
A23: Example 1b
A24: Bus - New Account
A26: Registration Gross Weight (pounds): 39,500 + (56*150) | B26: =39500+(56*150) -> 47900
A27: Registration Effective Date: | B27: 44197
A28: Fleet Expiration Date: | B28: 44561
A29: Registration Period (months): | B29: 12
A30: South Carolina Distance Percentage: | B30: 0.64745
A31: Road Use time factor: | B31: 1
A32: Registration Weight Fee: | B32: =#REF! -> #REF!
A33: Registration Weight Fee Due: $285.00* (64.745/100) | B33: =ROUND(B30*B32,2) -> #REF!
A34: Gross Capitalized Cost: | B34: 105000
A35: 2021 Depreciation: (Purchase Year: 2015) | B35: ='Road Use Fee - Interstate'!C60 -> 0.2
A36: Fair Market Value: $12,000.00 * 0.35 | B36: =ROUND(B34*B35,2) -> 21000
A37: 2021 Millage Rate: | B37: ='Road Use Fee - Interstate'!E11 -> 0
A38: Road Use Fee Due: ($21,000*64.745/100*0.0264*1) | B38: =ROUND(B36*B30*B37*B31,2) -> 0
A39: Total Net Due: $184.51 + $358.95 | B39: =SUM(B33,B38) -> #REF!
A41: Example 2a
A42: Truck/Tractor - Renewal
A44: Registration Gross Weight (pounds): | B44: 55000
A45: Registration Effective Date: | B45: 44409
A46: Fleet Expiration Date: | B46: 44773
A47: Registration Period (months): | B47: 12
A48: South Carolina Distance Percentage: | B48: 0.92091
A49: Road Use time factor: | B49: 1
A50: Registration Weight Fee: | B50: =' Truck & Bus Fees'!C68 -> 415
A51: Registration Weight Fee Due: $415.00 * (92.091/100) | B51: =ROUND(B48*B50,2) -> 382.18
A52: Gross Capitalized Cost: | B52: 35000
A53: 2021 Depreciation: (Purchase Year: 2017) | B53: ='Road Use Fee - Interstate'!C58 -> 0.35
A54: Fair Market Value: $35,000.00 * 0.35 | B54: =ROUND(B52*B53,2) -> 12250
A55: 2021 Millage Rate: | B55: ='Road Use Fee - Interstate'!E11 -> 0
A56: Road Use Fee Due: ($12,250*92.091/100*0.0264*1) | B56: =ROUND(B54*B48*B55*B49,2) -> 0
A57: Total Net Due: $382.18 + $297.82 | B57: =SUM(B51,B56) -> 382.18
A59: Example 2b
A60: Bus - Renewal
A62: Registration Gross Weight (pounds): 37,610 + (56*150) | B62: =37610+(56*150) -> 46010
A63: Registration Effective Date: | B63: 44228
A64: Fleet Expiration Date: | B64: 44592
A65: Registration Period (months): | B65: 12
A66: South Carolina Distance Percentage: | B66: 0.27439
A67: Road Use time factor: | B67: 1
A68: Registration Weight Fee: | B68: =#REF! -> #REF!
A69: Registration Weight Fee Due: $276.00 * (27.439/100) | B69: =ROUND(B68*B66,2) -> #REF!
A70: Gross Capitalized Cost: | B70: 496034
A71: 2021 Deprecation: (Purchase year: 2016) | B71: ='Road Use Fee - Interstate'!C59 -> 0.25
A72: Fair Market Value: $496,034.00 * 0.25 | B72: =ROUND(B70*B71,2) -> 124008.5
A73: 2021 Millage Rate: | B73: ='Road Use Fee - Interstate'!E11 -> 0
A74: Road Use Fee Due: ($124,008.50* 27.439/100*0.0264*1) | B74: =ROUND(B72*B66*B73*B67,2) -> 0
A75: Total Net Due: ($75.73 + $898.30) | B75: =SUM(B69,B74) -> #REF!
A77: Example 3a
A78: Truck/Tractor - Add Vehicle
A80: Registration Gross Weight (pounds): | B80: 80000
A81: Registration Effective Date: | B81: 44013
A82: Fleet Expiration Date: | B82: 44377
A83: Supplement Effective date: | B83: 44105
A84: Registration Period (months): | B84: 9
A85: South Carolina Distance Percentage: | B85: 0.29405
A86: Road Use time factor: | B86: ='Road Use Fee - Interstate'!G18 -> 0.75
A87: Registration Weight Fee: | B87: =' Truck & Bus Fees'!F98 -> 600
A88: Registration Weight Fee Due: $600.00 * (29.405/100) | B88: =ROUND(B87*B85,2) -> 176.43
A89: Gross Capitalized Cost: | B89: 170200
A90: 2021 Depreciation: (Purchase Year: 2018) | B90: ='Road Use Fee - Interstate'!C57 -> 0.5
A91: Fair Market Value: $170,200.00 * 0.50 | B91: =ROUND(B89*B90,2) -> 85100
A92: 2021 Millage Rate: | B92: ='Road Use Fee - Interstate'!E11 -> 0
A93: Road Use Fee Due: ($85,100.00* 29.405/100 * 0.0264* 0.75) | B93: =ROUND(B91*B85*B92*B86,2) -> 0
A94: Total Net Due: ($176.43 + $495.47) | B94: =SUM(B88,B93) -> 176.43
A96: Note: Road Use Fee is prorated
A98: Example 3b
A99: Bus - Add Vehicle
A101: Registration Gross Weight (pounds): 38,860 + (54*150) | B101: =38860+(54*150) -> 46960
A102: Registration Effective Date: | B102: 44197
A103: Supplement Effective Date: | B103: 44378
A104: Fleet Expiration Date: | B104: 44561
A105: Registration Period (months): | B105: 6
A106: South Carolina Distance Percentage: | B106: 0.27439
A107: Road Use time factor: | B107: ='Road Use Fee - Interstate'!G21 -> 0.5
A108: Registration Weight Fee: | B108: =#REF! -> #REF!
A109: Registration Weight Fee Due: $116.25 *(27.439/100) | B109: =ROUND(B108*B106,2) -> #REF!
A110: Gross Capitalized Cost: | B110: 358208
A111: 2021 Depreciation: (Purchase year: 2015) | B111: ='Road Use Fee - Interstate'!C60 -> 0.2
...

Sheet RUF Calc Examples 2025
B1: SOUTH CAROLINA ROAD USE FEE
C2: 2025 Millage Rate effective January 1, 2025
C3: 2025 Vehicle Depreciation effective January 1, 2025
C4: Road Use Fee will effect the following transactions:
A5: Example 1a | C5: New Accounts
A6: Truck/Tractor - New Account | C6: Renewal
C7: Add Vehicle
A8: Registration Gross Weight (pounds): | B8: 71000 | C8: Add with Transfer
A9: Registration Effective Date: | B9: 45658
A10: Fleet Expiration Date: | B10: 46022
A11: Registration Period (months): | B11: 12
A12: South Carolina Distance Percentage: | B12: 0.28804
A13: Road Use time factor: | B13: 1
A14: Registration Weight Fee: | B14: =' Truck & Bus Fees'!C87 -> 618
A15: Registration Weight Fee Due: $618.00* (28.804/100) | B15: =ROUND(B12*B14,2) -> 178.01
A16: Gross Capitalized Cost: | B16: 12000
A17: 2025 Depreciation: (Purchase Year: 2018) | B17: ='Road Use Fee - Interstate'!C13 -> 0.15
A18: Fair Market Value: $12,000.00 * 0.15 | B18: =ROUND(B16*B17,2) -> 1800
B19: 0.0266
A20: Road Use Fee Due: ($1,800*28.804/100*0.0266*1) | B20: =ROUND(B18*B12*B19*B13,2) -> 13.79
A21: Total Net Due: $178.01+ $13.69 | B21: =SUM(B15,B20) -> 191.8
A23: Example 1b
A24: Bus - New Account
B26: 47900
A27: Registration Effective Date: | B27: 45658
A28: Fleet Expiration Date: | B28: 46022
A29: Registration Period (months): | B29: 12
A30: South Carolina Distance Percentage: | B30: 0.64745
A31: Road Use time factor: | B31: 1
A32: Registration Weight Fee: | B32: =' Truck & Bus Fees'!C60 -> 362
A33: Registration Weight Fee Due: $362.00* (64.745/100) | B33: =ROUND(B30*B32,2) -> 234.38
A34: Gross Capitalized Cost: | B34: 105000
A35: 2025 Depreciation: (Purchase Year: 2015) | B35: ='Road Use Fee - Interstate'!C14 -> 0.1
A36: Fair Market Value: $105,000 * 0.10 | B36: =ROUND(B34*B35,2) -> 10500
A37: 2025 Millage Rate: | B37: 0.0266
A38: Road Use Fee Due: ($10,500*64.745/100*0.0266*1) | B38: =ROUND(B36*B30*B37*B31,2) -> 180.83
A39: Total Net Due: $234.38 + $179.47 | B39: =SUM(B33,B38) -> 415.21
A41: Example 2a
A42: Truck/Tractor - Renewal
A44: Registration Gross Weight (pounds): | B44: 55000
A45: Registration Effective Date: | B45: 45505
A46: Fleet Expiration Date: | B46: 45869
A47: Registration Period (months): | B47: 12
A48: South Carolina Distance Percentage: | B48: 0.92091
A49: Road Use time factor: | B49: 1
A50: Registration Weight Fee: | B50: =' Truck & Bus Fees'!C68 -> 415
A51: Registration Weight Fee Due: $415.00 * (92.091/100) | B51: =ROUND(B48*B50,2) -> 382.18
A52: Gross Capitalized Cost: | B52: 35000
A53: 2024 Depreciation: (Purchase Year: 2017) | B53: ='Road Use Fee - Interstate'!C13 -> 0.15
A54: Fair Market Value: $35,000.00 * 0.15 | B54: =ROUND(B52*B53,2) -> 5250
A55: 2024 Millage Rate: | B55: 0.0264
A56: Road Use Fee Due: ($5,250*92.091/100*0.0264*1) | B56: =ROUND(B54*B48*B55*B49,2) -> 127.64
A57: Total Net Due: $382.18 + $127.64 | B57: =SUM(B51,B56) -> 509.82
A59: Example 2b
A60: Bus - Renewal
A62: Registration Gross Weight (pounds): | B62: 46010
A63: Registration Effective Date: | B63: 45689
A64: Fleet Expiration Date: | B64: 46053
A65: Registration Period (months): | B65: 12
A66: South Carolina Distance Percentage: | B66: 0.27439
A67: Road Use time factor: | B67: 1
A68: Registration Weight Fee: | B68: =' Truck & Bus Fees'!C59 -> 354
A69: Registration Weight Fee Due: $354.00 * (27.439/100) | B69: =ROUND(B68*B66,2) -> 97.13
A70: Gross Capitalized Cost: | B70: 496034
A71: 2025 Deprecation: (Purchase year: 2016) | B71: ='Road Use Fee - Interstate'!C14 -> 0.1
A72: Fair Market Value: $496,034.00 * 0.10 | B72: =ROUND(B70*B71,2) -> 49603.4
A73: 2025 Millage Rate: | B73: 0.0266
A74: Road Use Fee Due: ($49,603.40* 27.439/100*0.0266*1) | B74: =ROUND(B72*B66*B73*B67,2) -> 362.04
A75: Total Net Due: ($97.13 + $359.32) | B75: =SUM(B69,B74) -> 459.17
A77: Example 3a
A78: Truck/Tractor - Add Vehicle
A80: Registration Gross Weight (pounds): | B80: 80000
A81: Registration Effective Date: | B81: 45839
A82: Fleet Expiration Date: | B82: 46203
A83: Supplement Effective date: | B83: 45931
A84: Registration Period (months): | B84: 9
A85: South Carolina Distance Percentage: | B85: 0.29405
A86: Road Use time factor: | B86: ='Road Use Fee - Interstate'!G18 -> 0.75
A87: Registration Weight Fee: | B87: =' Truck & Bus Fees'!F98 -> 600
A88: Registration Weight Fee Due: $600.00 * (29.405/100) | B88: =ROUND(B87*B85,2) -> 176.43
A89: Gross Capitalized Cost: | B89: 170200
A90: 2025 Depreciation: (Purchase Year: 2018) | B90: ='Road Use Fee - Interstate'!C12 -> 0.2
A91: Fair Market Value: $170,200.00 * 0.20 | B91: =ROUND(B89*B90,2) -> 34040
A92: 2025 Millage Rate: | B92: 0.0266
A93: Road Use Fee Due: ($34,040* 29.405/100 * 0.0266* 0.75) | B93: =ROUND(B91*B85*B92*B86,2) -> 199.69
A94: Total Net Due: ($176.43 + $198.19) | B94: =SUM(B88,B93) -> 376.12
A96: Note: Road Use Fee is prorated
A98: Example 3b
A99: Bus - Add Vehicle
A101: Registration Gross Weight (pounds): | B101: 46960
A102: Registration Effective Date: | B102: 45658
A103: Supplement Effective Date: | B103: 45839
A104: Fleet Expiration Date: | B104: 46022
A105: Registration Period (months): | B105: 6
A106: South Carolina Distance Percentage: | B106: 0.27439
A107: Road Use time factor: | B107: ='Road Use Fee - Interstate'!G21 -> 0.5
A108: Registration Weight Fee: | B108: =' Truck & Bus Fees'!I59 -> 177
A109: Registration Weight Fee Due: $177.00 *(27.439/100) | B109: =ROUND(B108*B106,2) -> 48.57
A110: Gross Capitalized Cost: | B110: 358208
A111: 2025 Depreciation: (Purchase year: 2015) | B111: ='Road Use Fee - Interstate'!C14 -> 0.1
...

Sheet SC Road Use Fee Memo

Sheet RUF Calc Example 2021 Millage
B1: SOUTH CAROLINA ROAD USE FEE
C2: Annual Millage Rate effective January 1, 2021
C3: 2020 Vehicle Depreciation Allowance effective January 1, 2021
C4: Road Use Fee will effect the following transactions:
A5: Example 1a | C5: *New Accounts
A6: Truck/Tractor - New Account (estimated APVD for SC) | C6: *Renewal
C7: *Add Vehicle
A8: Registration Gross Weight (pounds): | B8: 70000 | C8: *Add with Transfer
A9: Registration Effective Date: | B9: 43891
A10: Fleet Expiration Date: | B10: 44255
A11: Registration Period (months): | B11: 12
A12: South Carolina Distance Percentage: | B12: 0.28804
A13: Road Use Time Factor: | B13: 1
A14: Registration Weight Fee: | B14: 618
A15: Registration Weight Fee Due: $618.00* (28.804/100) | B15: =ROUND(B12*B14,2) -> 178.01
A16: Purchase Price: | B16: 12000
A17: Depreciation: (Purchase Year: 2017) | B17: 0.5
A18: Fair Market Value: $12,000.00 * 0.50 | B18: =ROUND(B16*B17,2) -> 6000
A19: *Millage Rate: | B19: 0.026
A20: Road Use Fee Due: ($6,000*28.804/100*0.0260*1) | B20: =ROUND(B18*B12*B19*B13,2) -> 44.93
A21: Total Net Due: $178.01 + $44.93 | B21: =SUM(B15,B20) -> 222.94
A23: Example 1b
A24: Truck/Tractor - Renewal
A26: Registration Gross Weight (pounds): | B26: 55000
A27: Registration Effective Date: | B27: 44044
A28: Fleet Expiration Date: | B28: 44408
A29: Registration Period (months): | B29: 12
A30: South Carolina Distance Percentage: | B30: 0.92091
A31: Road Use Time Factor: | B31: 1
A32: Registration Weight Fee: | B32: 415
A33: Registration Weight Fee Due: $415.00 * (92.091/100) | B33: =ROUND(B30*B32,2) -> 382.18
A34: Purchase Price: | B34: 12000
A35: Depreciation: (Purchase Year: 2017) | B35: 0.5
A36: Fair Market Value: $12,000.00 * 0.50 | B36: =ROUND(B34*B35,2) -> 6000
A37: *Millage Rate: | B37: 0.026
A38: Road Use Fee Due: ($6,000*92.091/100*0.0260*1) | B38: =ROUND(B36*B30*B37*B31,2) -> 143.66
A39: Total Net Due: $382.18 + $143.66 | B39: =SUM(B33,B38) -> 525.84
A41: Example 1c
A42: Bus - Renewal
A44: Registration Gross Weight (pounds): 37,610 + (56*150) | B44: 46010
A45: Registration Effective Date: | B45: 44166
A46: Fleet Expiration Date: | B46: 44530
A47: Registration Period (months): | B47: 12
A48: South Carolina Distance Percentage: | B48: 0.27439
A49: Road Use Time Factor: | B49: 1
A50: Registration Weight Fee: | B50: 276
A51: Registration Weight Fee Due: $276.00 * (27.439/100) | B51: =ROUND(B50*B48,2) -> 75.73
A52: Purchase Price: | B52: 496034
A53: Deprecation: (Purchase year: 2016) | B53: 0.35
A54: Fair Market Value: $496,034.00 * 0.35 | B54: =ROUND(B52*B53,2) -> 173611.9
A55: *Millage Rate: | B55: 0.026
A56: Road Use Fee Due: ($17,611.90* 27.439/100*0.0260*1) | B56: =ROUND(B54*B48*B55*B49,2) -> 1238.57
A57: Total Net Due: ($75.73 + $1,238.57) | B57: =SUM(B51,B56) -> 1314.3
A59: Example 2a
A60: Truck/Tractor - Add Vehicle
A62: Registration Gross Weight (pounds): | B62: 80000
A63: Registration Effective Date: | B63: 44013
A64: Fleet Expiration Date: | B64: 44377
A65: Supplement Effective date: | B65: 44105
A66: Registration Period (months): | B66: 9
A67: South Carolina Distance Percentage: | B67: 0.29405
A68: Road Use Time Factor: | B68: 0.75
A69: Registration Weight Fee: | B69: 600
A70: Registration Weight Fee Due: $600.00 * (29.405/100) | B70: =ROUND(B69*B67,2) -> 176.43
A71: Purchase Price: | B71: 170200
A72: Depreciation: (Purchase Year: 2018) | B72: 0.65
A73: Fair Market Value: $170,200.00 * 0.65 | B73: =ROUND(B71*B72,2) -> 110630
A74: *Millage Rate: | B74: 0.026
A75: Road Use Fee Due: ($110,630.00 * 29.405/100 * 0.0260 * 0.75) | B75: =ROUND(B73*B67*B74*B68,2) -> 634.35
A76: Total Net Due: ($176.43 + $634.35) | B76: =SUM(B70,B75) -> 810.78
A78: Note: Road Use Fee is prorated
A80: Example 2b
A81: Bus - Add Vehicle
A83: Registration Gross Weight (pounds): 38,860 + (54*150) | B83: 46960
A84: Registration Effective Date: | B84: 43831
A85: Supplement Effective Date: | B85: 44013
A86: Fleet Expiration Date: | B86: 44196
A87: Registration Period (months): | B87: 6
A88: South Carolina Distance Percentage: | B88: 0.27439
A89: Road Use Time Factor: | B89: 0.5
A90: Registration Weight Fee: | B90: 139.5
A91: Registration Weight Fee Due: $139.50 * (27.439/100) | B91: =ROUND(B90*B88,2) -> 38.28
A92: Purchase Price: | B92: 358208
A93: Depreciation: (Purchase year: 2015) | B93: 0.25
A94: Fair Market Value: $358,208.00 * 0.25 | B94: =ROUND(B92*B93,2) -> 89552
A95: *Millage Rate: | B95: 0.026
A96: Road Use Fee Due: ($89,552.00* 27.439/100*0.0260*0.50) | B96: =ROUND(B94*B88*B95*B89,2) -> 319.44
A97: Total Net Due: ($38.28 + $319.44) | B97: =SUM(B91,B96) -> 357.72
A99: Note: Road Use Fee is prorated
A101: Example 3a
A102: Add with Transfer (Same Weight) TT,TK
A104: Deleted Vehicle
A105: Registration Gross Weight (pounds): | B105: 80000
A106: Registration Effective Date: | B106: 44044
A107: Fleet Expiration Date: | B107: 44408
A108: Supplement Date: | B108: 44075
A109: Registration Period (months): | B109: 11
A110: South Carolina Distance Percentage: | B110: 0.2307
A111: Registration Weight Fee: | B111: 733.33
A112: Registration Weight Fee Credit Due: $733.33 * (23.070/100) | B112: =ROUND(B111*B110,2) -> 169.18
...

Sheet Road Use Fee - Intrastate
B1: South Carolina Road Use Fee
B2: Effective Date: January 1, 2019
B4: Vehicle Depreciation
B5: YEAR | F5: Percent of Depreciation Allowance
B6: 1st or current year of acquisition | G6: 0.9
B7: 2nd year of acquisition | G7: 0.8
B8: 3nd year of acquisition | G8: 0.65
B9: 4th year of acquisition | G9: 0.5
B10: 5th year of acquisition | G10: 0.35
B11: 6th year of acquisition | G11: 0.25
B12: 7th year of acquisition | G12: 0.2
B13: 8th year of acquisition | G13: 0.15
B14: 9th and subsequent year of acquisition | G14: 0.1
B17: Pro-Rate Factor
B19: Pro-rate factor is determined by dividing distance traveled in SC by total
B20: distance traveled by the fleet in the distance reporting period
B23: Annual Millage Rate
B24: Annual Average Millage Rate Value for South Carolina:
B25: 0.0254 | C25: (This amount subject to change annually)
B28: Time Factor
B29: The time factor should be prorated by the number of months left in
B30: the current registration year
B32: Registration Months | F32: Road Use Fee Time Factor
B33: 12 | G33: 1
B34: 11 | G34: 0.91667
B35: 10 | G35: 0.83333
B36: 9 | G36: 0.75
B37: 8 | G37: 0.66667
B38: 7 | G38: 0.58333
A39: 50 | B39: 6 | G39: 0.5
B40: 5 | G40: 0.41667
B41: 4 | G41: 0.33333
B42: 3 | G42: 0.25
B43: 2 | G43: 0.16667
B44: 1 | G44: 0.08333
B47: To Calculate Road Use Fee:
B49: Purchase Price of Vehicle X Depreciation Percent Allowance X Millage Rate Value X Time Factor
B50: 85000 | C50: X | D50: 0.9 | E50: X | H50: 0.0254 | I50: X | J50: 1 | K50: = | L50: =SUM(B50*D50*H50*J50) -> 1943.1
B51: 69000 | C51: X | D51: 0.5 | E51: X | H51: 0.0254 | I51: X | J51: 1 | K51: = | L51: =SUM(B51*D51*H51*J51) -> 876.3
B52: 120000 | C52: X | D52: 0.2 | E52: X | H52: 0.0254 | I52: X | J52: 1 | K52: = | L52: =SUM(B52*D52*H52*J52) -> 609.6
L53: =SUM(L50:L52) -> 3429
B54: Section 2
B56: For the year January 1- December 31, 2016
B59: A | D59: B | F59: C | H59: D | J59: E
B61: Number of | D61: Year | F61: Purchased | H61: Fee | J61: Fair Market
B62: Vehicles / Buses | D62: Purchased | F62: Price | H62: Multiplier | J62: Value
B64: 1 | D64: 2016 | F64: 85000 | H64: 0.9 | J64: =SUM(H64*F64) -> 76500
D66: 2015 | H66: 0.8 | J66: =SUM(H66*F66) -> 0
D68: 2014 | H68: 0.65 | J68: =SUM(H68*F68) -> 0
B70: 1 | D70: 2013 | F70: 69000 | H70: 0.5 | J70: =SUM(H70*F70) -> 34500
D72: 2012 | H72: 0.35 | J72: =SUM(H72*F72) -> 0
D74: 2011 | H74: 0.25 | J74: =SUM(H74*F74) -> 0
B76: 2 | D76: 2010 | F76: 120000 | H76: 0.2 | J76: =SUM(H76*F76) -> 24000
D78: 2009 | H78: 0.15 | J78: =SUM(H78*F78) -> 0
D80: 2008 & Prior | H80: 0.1 | J80: =SUM(H80*F80) -> 0
B82: Total Number of | J82: Total Fair
B83: Vehicles / Buses | J83: Market Value
A84: 1 > | B84: =SUM(B64:B80) -> 4 | I84: 2 > | J84: =SUM(J64:J80) -> 135000
B87: Apportionment of Distance:
B88: Example:
A89: 3 > | B89: 115000 | C89: South Carolina distance
A90: 4 > | B90: 115000 | C90: Total distance operated
A91: 5 > | B91: =SUM(B89/B90) -> 1 | C91: Percentage of South Carolina distance to total distance (SC distance divided by total distance)
B94: Value of Vehicles /
B95: Buses subject to Fee
A96: 6 > | B96: =SUM(J84*B91) -> 135000 | C96: (Total Fair Market Value multiplied by Percentage of SC distance)
B99: Property Tax or
B100: Road Use Fee Due
A101: 7 > | B101: =SUM(B96*B103) -> 3429 | C101: (Value of Vehicle(s) / Buse(s) multiplied by Millage Rate Value)
B103: 0.0254 | C103: Millage Rate = 0.334
C104: To determine the amount on line # 7 on the PT-441:
C105: 9.5 % Assessment Ratio - Code Section 12-37-2820
C106: 20% Equalization Factor
C107: Average State Millage - Code Section 12-37-2850
C109: 0.95 | D109: Assessment Ratio
C110: 0.8 | D110: Equalization Factor
C111: 0.334 | D111: Average Millage Rate
H112: Millage Rate Value
C113: 0.95 | D113: X | E113: 0.08 | F113: X | G113: 0.334 | H113: = | I113: =SUM(C113*E113*G113) -> 0.025384
